 Dungeon Crawl Stone Soup version 0.29-a0-1008-g949cc1d0fb (webtiles) character file.

Game seed: 7901476791598293732

903 GordonOverkill the Ruffian (level 8, -8/42 HPs)
             Began as a Vine Stalker Gladiator on Aug 7, 2022.
             Killed from afar by a white imp (12 damage)
             ... with a puff of frost
             ... on level 5 of the Dungeon.
             The game lasted 00:10:42 (4438 turns).

GordonOverkill the Ruffian (Vine Stalker Gladiator) Turns: 4438, Time: 00:10:43

Health: -8/42      AC:  8    Str: 20    XL:     8   Next: 7%
Magic:  0/9        EV:  6    Int:  8    God:
Gold:   33         SH: 11    Dex: 15    Spells: 7/7 levels left

rFire   + . .      SeeInvis .     - Unarmed
rCold   . . .      Faith    .   g - +0 tower shield
rNeg    . . .      Spirit   +   v - +0 scale mail
rPois   .          Reflect  .   b - +0 helmet
rElec   .          Harm     .   (no cloak)
rCorr   .          Rampage  .   k - +0 pair of gloves
Will    +....                   (no boots)
Stlth   +.........              e - amulet of magic regeneration
HPRegen 0.94/turn               t - ring of protection from fire
MPRegen 0.51/turn               (no ring)

@: no status effects
A: fangs 3, regeneration 1, magic shield, antimagic bite, no potion heal 2
a: no special abilities


You were on level 5 of the Dungeon.
You visited 1 branch of the dungeon, and saw 6 of its levels.
You also visited: Sewer.

You collected 168 gold pieces.
You spent 135 gold pieces at shops.

Inventory:

Missiles
 c - a throwing net (quivered)
 d - a javelin
 m - 12 boomerangs
 o - 9 poisoned darts
 r - a curare-tipped dart
Armour
 b - a +0 helmet (worn)
 g - a +0 tower shield (worn)
 k - a +0 pair of gloves (worn)
 v - a +0 scale mail (worn)
Jewellery
 e - an amulet of magic regeneration (around neck)
 t - a ring of protection from fire (left hand)
 x - a ring of ice
Wands
 w - a wand of iceblast (8)
Scrolls
 f - 2 scrolls of blinking
 h - a scroll of summoning {unknown}
 l - 2 scrolls of silence
 p - a scroll of identify {unknown}
 s - a scroll of enchant armour {unknown}
 u - a scroll of vulnerability {unknown}
 y - a scroll of teleportation
Potions
 a - 2 potions of attraction {unknown}
 i - a potion of magic {unknown}
 j - a potion of degeneration {unknown}
 n - 3 potions of curing
 q - a potion of heal wounds {unknown}
 z - a potion of lignification {unknown}
 A - a potion of might


   Skills:
 + Level 4.8 Fighting
 - Level 1.7 Throwing
 - Level 2.4 Dodging
 + Level 2.6 Stealth
 * Level 7.7 Unarmed Combat


You had 7 spell levels left.
You didn't know any spells.
Your spell library contained the following spells:

 Spells                   Type           Power      Damage    Failure   Level
 Call Canine Familiar     Summ           0%         N/A       100%        3
 Portal Projectile        Hex/Tloc       0%         N/A       100%        3
 Leda's Liquefaction      Hex/Erth       0%         N/A       100%        4


Dungeon Overview and Level Annotations

Branches:
Dungeon (6/15)              Sewer (visited)
 Temple: D:4-7

Altars:
Gozag
Nemelex Xobeh
Trog
Vehumet

Shops:
D:4 [([*=   D:5 [[


Innate Abilities, Weirdness & Mutations

You have razor-sharp teeth.
Your natural rate of healing is unusually fast.
When hurt, damage is shared between your health and your magic reserves.
Your bite disrupts and absorbs the magic of your enemies.
Potions cannot restore your health.


Message History

You see here a +0 short sword.
You closely miss the orc warrior. You bite the orc warrior.
You drain its power.
The orc warrior is lightly wounded.
You barely miss the orc warrior. You bite the orc warrior. You drain its power.
The orc warrior is moderately wounded.
The orc warrior hits you with a +0 dire flail!
You are too injured to fight recklessly!
You are too injured to fight recklessly!
You are too injured to fight recklessly!
You see here a +0 short sword.
You hit the orc warrior.
You bite the orc warrior, but do no damage.
The orc warrior is moderately wounded.
The orc priest invokes the aid of Beogh against you.
Beogh smites you!
* * * LOW HITPOINT WARNING * * *
The orc warrior hits you with a +0 dire flail!
* * * LOW HITPOINT WARNING * * *
The orc warrior hits you with a +0 dire flail!
* * * LOW HITPOINT WARNING * * *
You hit the orc warrior.
The orc warrior is severely wounded.
You block the orc warrior's attack.
The orc priest begins to cast a cantrip, but forgets the words!
You closely miss the orc warrior.
The orc warrior is severely wounded.
The orc warrior barely misses you.
Unknown command.
Okay, then.
Blink to where?
Press: ? - help, Dir - move target
As you read the scroll of blinking, it crumbles to dust.
The orc priest calls down the wrath of Beogh upon you.
Beogh smites you!
* * * LOW HITPOINT WARNING * * *
You climb upwards.
The white imp gestures at you. The puff of frost hits you!
You die...

...>....# ##h...#
#.......#
#†##.....
#...5...# #h#
##.. #.......#
#.#
........####.####
........#.......#
#...............#
.#####.#........#
#..@.......#
###........#
#.8....### #
###.....### . #.
#....>.....
..#[###.......###
#....8...∩...8#
##.#.............
.......<.......#.


You could see a white imp.

Vanquished Creatures
  A black bear (D:5)
  2 kobold brigands (Sewer)
  A scorpion (D:4)
  A gnoll bouda (D:2)
  2 hounds (D:6)
  Natasha (thrice) (D:4)
  An iguana (D:6)
  An orc wizard (D:3)
  8 adders
  14 gnolls
  4 river rats (Sewer)
  A white imp (D:4)
  An ufetubus (D:5)
  A worm (D:3)
  3 dart slugs
  9 orcs
  10 endoplasms
  A giant cockroach (D:4)
  15 goblins
  14 hobgoblins
  11 jackals
  5 quokkas
  7 ball pythons
  5 bats
  A frilled lizard (D:3)
  6 kobolds
  9 rats
137 creatures vanquished.

Vanquished Creatures (others)
  11 plants (Sewer)
11 creatures vanquished.

Grand Total: 148 creatures vanquished

Notes
Turn   | Place    | Note
-------+----------+-------------------------------------------
     0 | D:1      | GordonOverkill the Vine Stalker Gladiator began the quest
                  | for the Orb.
     0 | D:1      | Reached XP level 1. HP: 11/11 MP: 2/2
   419 | D:1      | Reached XP level 2. HP: 15/15 MP: 3/3
   746 | D:1      | Reached XP level 3. HP: 18/18 MP: 4/4
   875 | D:1      | Found a faded altar of an unknown god.
  1126 | D:2      | Reached skill level 4 in Unarmed Combat
  1517 | D:1      | Gained mutation: Your natural rate of healing is unusually
                  | fast. [Vine Stalker growth]
  1517 | D:1      | Reached XP level 4. HP: 23/23 MP: 5/5
  1712 | D:2      | Reached XP level 5. HP: 26/28 MP: 6/6
  1768 | D:2      | Reached skill level 5 in Unarmed Combat
  2020 | D:3      | Found a glowing drain.
  2161 | Sewer    | Entered a sewer
  2166 | Sewer    | Noticed a kobold brigand
  2185 | Sewer    | Killed a kobold brigand
  2186 | Sewer    | Reached XP level 6. HP: 32/32 MP: 7/7
  2212 | Sewer    | Reached skill level 6 in Unarmed Combat
  2505 | Sewer    | Reached XP level 7. HP: 34/37 MP: 8/8
  2853 | D:3      | Found a radiant altar of Vehumet.
  2984 | D:3      | Found a bloodstained altar of Trog.
  3142 | D:4      | Found Itoly's Armour Emporium.
  3158 | D:4      | Reached skill level 7 in Unarmed Combat
  3159 | D:4      | Bought a +0 tower shield for 58 gold pieces
  3321 | D:4      | Noticed Natasha
  3329 | D:4      | Killed Natasha
  3335 | D:4      | Reached skill level 1 in Stealth
  3344 | D:4      | Found Werublutt's Antique Armour Shoppe.
  3350 | D:4      | Found Doheam's Jewellery Shoppe.
  3350 | D:4      | Found Nanato's Weapon Shoppe.
  3350 | D:4      | Found Zeacut's General Store.
  3362 | D:4      | Bought a potion of curing for 33 gold pieces
  3362 | D:4      | Bought a potion of might for 44 gold pieces
  3697 | D:4      | Found an opulent altar of Gozag.
  3698 | D:4      | Found a sparkling altar of Nemelex Xobeh.
  3698 | D:4      | Noticed Natasha
  3709 | D:4      | Killed Natasha
  3769 | D:4      | Found Itoly's Armour Emporium.
  3789 | D:4      | Noticed Natasha
  3796 | D:4      | Killed Natasha
  3868 | D:4      | Found Werublutt's Antique Armour Shoppe.
  3872 | D:4      | Found Doheam's Jewellery Shoppe.
  3873 | D:4      | Found Nanato's Weapon Shoppe.
  3875 | D:4      | Found Zeacut's General Store.
  4153 | D:4      | Found an opulent altar of Gozag.
  4154 | D:4      | Found a sparkling altar of Nemelex Xobeh.
  4265 | D:5      | Entered Level 5 of the Dungeon
  4265 | D:5      | Found Daeniq's Antique Armour Emporium.
  4339 | D:5      | Found Utiucik's Antique Armour Shoppe.
  4358 | D:6      | Gained mutation: You have razor-sharp teeth. [Vine Stalker
                  | growth]
  4358 | D:6      | Reached XP level 8. HP: 23/42 MP: 9/9
  4436 | D:6      | HP: 1/42 [orc priest/divine providence (6)]
  4438 | D:5      | Killed from afar by a white imp

Illustrated notes

Levels and vault maps discovered:
D:1:      lightli_iron_boxes, layout_basic,
          hellmonk_ecumenical_altar_heavens_door
D:2:      layout_basic
D:3:      layout_rooms, trog_hazing_becter, mainiacjoe_overflow_surrounded_room,
          cheibrodos_sewer_entry_drain
D:4:      layout_basic, grunt_temple_overflow_opulence, serial_shops, shop,
          grunt_ministairs_6, minmay_misc_feat_five, minmay_shop_grid_forest,
          kennysheep_minor_cross, uniq_natasha
D:5:      gammafunk_steamed_eel, layout_rooms, grunt_qazlal_clouds,
          serial_shops, kennysheep_little_box, kennysheep_mini_moat,
          nicolae_stop_n_shop_1, nicolae_shop_stone
D:6:      layout_loops_ring, gammafunk_temple_overflow_elements, temple_doors_e

Skill      XL: |  1  2  3  4  5  6  7 |
---------------+----------------------+-----
Fighting       | 2 3 4 |  4.8
Unarmed Combat | 4 5 6 7 |  7.7
Stealth        | 2 |  2.6
Throwing       | |  1.7
Dodging        | |  2.4

Action                   |  1- 3 |  4- 6 |  7- 9 || total
-------------------------+-------+-------+-------++-------
Melee: Unarmed           |   110 |   166 |   170 ||   446
       Bite              |    32 |    39 |    48 ||   119
       Punch             |     1 |     7 |     1 ||     9
Throw: Throwing net      |     3 |     1 |     2 ||     6
  Use: Scroll            |     1 |     1 |     3 ||     5
 Stab: Held in net/web   |       |     1 |       ||     1
Armor: Leather armour    |     9 |       |       ||     9
       Ring mail         |    32 |    55 |    12 ||    99
       Scale mail        |       |       |   113 ||   113
Dodge: Dodged            |    77 |    90 |    83 ||   250
Block: Tower shield      |       |       |    76 ||    76

Table legend: (Time is in decaauts)
 A = Elapsed time spent in this place.
 B = Non-inter-level travel time spent in this place.
 C = Inter-level travel time spent in this place.
 D = Time resting spent in this place.
 E = Time spent auto-exploring this place.
 F = Levels seen in this place.
 G = Mean time per level.
                   A        B        C        D        E       F      G
               +--------+--------+--------+--------+--------+-----+--------+
         Total |   4580 |   4380 |    200 |    613 |   2465 |   7 |  654.3 |
       Dungeon |   3882 |   3682 |    200 |    593 |   1957 |   6 |  647.0 |
         Sewer |    698 |    698 |      0 |     20 |    508 |   1 |  698.0 |
               +--------+--------+--------+--------+--------+-----+--------+

Top non-repeatable levels by time:
     D:4: 1198 daAuts
     D:1: 1020 daAuts
     D:2: 943 daAuts
   Sewer: 698 daAuts
     D:3: 530 daAuts
     D:5: 102 daAuts
     D:6: 85 daAuts
